 Dungeon Crawl Stone Soup version 0.31.0-32-g396128a36d (webtiles) character file.

Game seed: 3284580079594620777

116769 Econoterrorist the Warrior (level 16, -21/152 HPs)
             Began as a Minotaur Fighter on Apr 22, 2024.
             Was the Champion of Okawaru.
             Killed from afar by Bai Suzhen (47 damage)
             ... with a torrent of water
             ... in the Arena.
             The game lasted 01:28:12 (28200 turns).

Econoterrorist the Warrior (Minotaur Fighter)      Turns: 28200, Time: 01:28:12

Health: -21/152    AC: 19    Str: 22      XL:     16   Next: 21%
Magic:  15/21      EV: 13    Int:  4 (5)  God:    Okawaru [******]
Gold:   1577       SH: 25    Dex: 17      Spells: 15/15 levels left

rFire   + . .        b - +2 demon blade (elec)
rCold   + + .        a - +1 tower shield {rC+}
rNeg    . . .        j - +2 chain mail {rF+}
rPois   +            d - +0 hat "Secrepua" {Rampage rPois Stlth-}
rElec   +            q - scarf of Cutirgh {shadows, rElec Stlth+}
rCorr   .            D - +0 pair of gloves
SInv    .            E - +0 pair of boots
Will    +....        m - amulet of reflection Stlth
                     t - +4 ring of protection
HPRegen 0.45/turn    r - ring of protection from cold
MPRegen 0.17/turn

%: reflection, rampage
@: mighty, finesse-ful, duelling
A: horns 2, retaliatory headbutt, deformed body
a: Renounce Religion, Heroism, Finesse, Duel


You were in the Arena.
You worshipped Okawaru.
Okawaru was exalted by your worship.
You visited 5 branches of the dungeon, and saw 23 of its levels.
You also visited: Sewer and Ice Cave.

You collected 2067 gold pieces.
You spent 490 gold pieces at shops.

Inventory:

Hand Weapons
 b - a +2 demon blade of electrocution (weapon)
 l - a +1 double sword of holy wrath
Missiles
 z - a throwing net (quivered)
Armour
 a - a +1 tower shield of cold resistance (worn)
 d - the +0 hat "Secrepua" (worn) {Rampage rPois Stlth-}
   (Okawaru gifted it to you on level 2 of the Lair of Beasts)

   rPois:     It protects you from poison Rampage: It bestows one free step when
   moving towards enemies.
   Stlth-:    It makes you less stealthy.
 j - a +2 chain mail of fire resistance (worn)
 q - the scarf of Cutirgh (worn) {shadows, rElec Stlth+}
   (You acquired it on level 11 of the Dungeon)

   rElec:     It insulates you from electricity.
   Stlth+:    It makes you more stealthy.
 D - a +0 pair of gloves (worn)
 E - a +0 pair of boots (worn)
 P - +0 acid dragon scales
Jewellery
 c - a ring of protection from fire
 m - an amulet of reflection (around neck)
 r - a ring of protection from cold (right hand)
 t - a +4 ring of protection (left hand)
 G - a +5 ring of evasion
 L - a ring of willpower
 O - a ring of see invisible
Wands
 v - a wand of paralysis (25)
 F - a wand of iceblast (15)
 H - a wand of digging (6)
 I - a wand of flame (49)
Scrolls
 f - 7 scrolls of teleportation
 g - 3 scrolls of butterflies
 i - 7 scrolls of enchant armour
 k - 5 scrolls of fog
 n - 2 scrolls of fear
 o - 3 scrolls of poison
 p - 2 scrolls of identify
 s - a scroll of brand weapon {unknown}
 K - a scroll of silence {unknown}
Potions
 e - 3 potions of mutation
 u - a potion of resistance {unknown}
 A - 5 potions of enlightenment
 B - a potion of invisibility {unknown}
 M - a potion of berserk rage {unknown}
Miscellaneous
 R - a condenser vane


   Skills:
 - Level 16.7 Fighting
 - Level 14.0 Long Blades
 - Level 16.6 Armour
 - Level 12.0 Dodging
 - Level 13.6 Shields
 + Level 8.6 Invocations
 - Level 8.0 Evocations


You had 15 spell levels left.
You didn't know any spells.
Your spell library contained the following spells:

 Spells                   Type           Power      Damage    Failure   Level
 Magic Dart               Conj           0%         1d3       99%         1
 Necrotise                Necr           0%         1d4       99%         1
 Searing Ray              Conj           0%         2d4       100%        2
 Dazzling Flash           Conj/Hex       0%         N/A       100%        3
 Hailstorm                Conj/Ice       0%         3d5       100%        3
 Inner Flame              Hex/Fire       0%         N/A       100%        3
 Mephitic Cloud           Conj/Alch/Air  0%         N/A       100%        3
 Vampiric Draining        Necr           0%         2d6       100%        3
 Brom's Barrelling Bould  Conj/Erth      0%         2d3       100%        4
 Dimensional Bullseye     Hex/Tloc       0%         N/A       100%        4
 Flame Wave               Conj/Fire      0%         2d4       100%        4
 Fulminant Prism          Conj/Alch      0%         3d5       100%        4
 Ignite Poison            Fire/Alch      0%         N/A       100%        4
 Iskenderun's Mystic Bla  Conj/Tloc      0%         2d3       100%        4
 Olgreb's Toxic Radiance  Alch           0%         N/A       100%        4
 Sticky Flame             Fire/Alch      0%         2d4       100%        4
 Vhi's Electric Charge    Tloc/Air       0%         N/A       100%        4
 Alistair's Intoxication  Alch           0%         N/A       100%        5
 Arcjolt                  Conj/Air       0%         1d10      100%        5
 Borgnjor's Vile Clutch   Necr/Erth      0%         N/A       100%        5
 Curse of Agony           Necr           0%         N/A       100%        5
 Fireball                 Conj/Fire      0%         3d3       100%        5
 Iskenderun's Battlesphe  Conj           0%         2d6       100%        5
 Silence                  Hex/Air        0%         N/A       100%        5
 Conjure Ball Lightning   Conj/Air       0%         3x3d6     100%        6
 Eringya's Noxious Bog    Alch           0%         4d6       100%        6
 Orb of Destruction       Conj           0%         9d5       100%        7
 Ozocubu's Refrigeration  Ice            0%         4d7       100%        7
 Borgnjor's Revivificati  Necr           0%         N/A       100%        8
 Discord                  Hex            0%         N/A       100%        8
 Ignition                 Fire           0%         3d3       100%        8
 Maxwell's Capacitive Co  Air            0%         ∞         100%        8
 Call Imp                 Summ           Unusable   N/A       N/A         2
 Summon Ice Beast         Ice/Summ       Unusable   N/A       N/A         3
 Tukima's Dance           Hex            Unusable   N/A       N/A         3
 Martyr's Knell           Necr/Summ      Unusable   N/A       N/A         4
 Sculpt Simulacrum        Ice/Alch       Unusable   N/A       N/A         6
 Spellforged Servitor     Conj/Summ      Unusable   N/A       N/A         7

Dungeon Overview and Level Annotations

Branches:
Dungeon (12/15)            Temple (1/1) D:7            Lair (5/5) D:9
 Shoals (0/4) Lair:3       Spider (3/4) Lair:3        Slime (0/5) Lair:4
    Orc (2/2) D:12            Elf (0/3) Orc:2         Sewer (visited)
  IceCv (visited)

Altars:
Ashenzari
Cheibriados
Dithmenos
Elyvilon
Fedhas
Gozag
Hepliaklqana
Kikubaaqudgha
Makhleb
Nemelex Xobeh
Okawaru
Qazlal
Ru
Sif Muna
Trog
Uskayaw
Vehumet
Wu Jian
Xom
Yredelemnul
Zin
The Shining One
Jiyva

Shops:
Orc:1 ?   Orc:2 [*(=

Annotations:
Orc:1 3 runed translucent doors, Toythryfy's ghost, journeyman TeAE Arena Bai Suzhen


Innate Abilities, Weirdness & Mutations

You have a pair of horns on your head.
You reflexively headbutt those who attack you in melee.
Armour fits poorly on your strangely shaped body.


Message History

The mass of ice explodes!
The iceblast engulfs Bai Suzhen but does no damage.
Bai Suzhen is heavily wounded.
Aiming: Iceblast
Press: ? - help, Shift-Dir - straight line, f/p - Bai Suzhen
Aim: Bai Suzhen (heavily wounded, surrounded by thunder, fire blocked by a granite statue)
Your line of fire to Bai Suzhen is blocked by a granite statue.
Unknown command.
Aiming: Iceblast
Press: ? - help, Shift-Dir - straight line, f/p - Bai Suzhen
Aim: Bai Suzhen (heavily wounded, surrounded by thunder)
The mass of ice explodes!
The iceblast engulfs Bai Suzhen!
Bai Suzhen partially resists.
Bai Suzhen is severely wounded.
Aiming: Iceblast
Press: ? - help, Shift-Dir - straight line, f/p - Bai Suzhen
Aim: Bai Suzhen (severely wounded, surrounded by thunder)
The mass of ice explodes!
The iceblast engulfs Bai Suzhen!
Bai Suzhen partially resists.
Bai Suzhen is severely wounded.
You hit Bai Suzhen but do no damage.
Bai Suzhen is severely wounded.
You hit Bai Suzhen but do no damage.
Bai Suzhen is severely wounded.
Bai Suzhen barely misses you. Bai Suzhen misses you.
You block Bai Suzhen's attack.
You hit Bai Suzhen but do no damage. You headbutt Bai Suzhen!
Bai Suzhen is severely wounded.
You are engulfed in a thunderstorm.
You resist.
* * * LOW HITPOINT WARNING * * *
You hit Bai Suzhen but do no damage.
Bai Suzhen is severely wounded.
You are engulfed in a thunderstorm.
You resist.
* * * LOW HITPOINT WARNING * * *
You slash Bai Suzhen!
Bai Suzhen is almost dead.
Bai Suzhen breathes water at you. The torrent of water hits you!!!
You die...
Okawaru crowns Bai Suzhen victorious!

#p▓...▓p#
#▓▓)..▓p#
#∩▓.∩~▓▓#
#▓▓.~~▓.#
#.▓.~~▓.#
#p▓§§.▓.#
#▓▓§.§▓.#
#.▓D8.▓p#
#p▓@§.▓p#
#########


You could see Bai Suzhen (clouds, catching breath).

Vanquished Creatures
  Saint Roka (Orc:1)
  Mlioglotl (Spider:1)
  Asterion (Spider:1)
  Frances (Spider:2)
  Gastronok (Lair:2)
  Donald (Orc:2)
  Roxanne (Spider:3)
  2 emperor scorpions
  3 ghost moths
  An orc warlord (Orc:2)
  A reaper (IceCv)
  A broodmother (Spider:1)
  2 dire elephants (Lair:5)
  2 spark wasps
  Snorg (Orc:1)
  2 entropy weavers (Spider:2)
  6 hydras
  A radroach (Spider:2)
  3 two-headed ogres
  A catoblepas (Lair:2)
  5 boulder beetles
  A death scarab (Spider:3)
  23 death yaks
  5 demonic crawlers
  4 orc high priests (Orc:2)
  Urug (Orc:1)
  2 spectral death yaks (Lair:5)
  Nergalle (Lair:1)
  A skyshark (Lair:5)
  5 pharaoh ants
  A spectral anaconda (Lair:5)
  4 orb spiders
  A lindwurm (Lair:4)
  3 steelbarb worms
  2 orc knights (Orc:2)
  An obsidian statue (Lair:5)
  Pikel (D:8)
  4 necromancers (Lair:5)
  An oklob plant (Lair:4)
  3 orc sorcerers (Orc:2)
  8 wolf spiders
  A cyclops (D:12)
  3 manticores
  Maurice (D:7)
  11 elephants
  5 black mambas
  2 kobold blastminers (Orc:2)
  6 torpor snails
  A gargoyle (D:8)
  17 cane toads
  An ice statue (IceCv)
  Jeremiah (D:7)
  A dire elephant skeleton (Lair:5)
  Maggie (Lair:1)
  A freezing wraith (IceCv)
  2 rime drakes (Lair:2)
  5 komodo dragons
  3 trolls
  16 tarantellas
  A polar bear (Lair:3)
  5 blink frogs (Lair:5)
  14 dream sheep
  14 jumping spiders
  A spriggan (shapeshifter) (D:7)
  2 slime creatures (D:8)
  A water elemental (D:12)
  12 culicivoras
  4 wyverns
  2 wraiths
  2 dire elephant simulacra (IceCv)
  34 yaks
  2 basilisks
  5 wargs
  31 redbacks
  4 death yak simulacra (IceCv)
  Menkaure (D:5)
  A hydra simulacrum (IceCv)
  2 acid dragons
  A spectral cane toad (Lair:5)
  14 water moccasins
  A black bear (D:5)
  16 orc warriors
  2 ice beasts (D:6)
  2 laughing skulls (D:9)
  2 ogres
  2 elephant skeletons (Lair:5)
  14 wolves
  4 centaurs
  6 kobold brigands
  A phantom (D:4)
  12 bullfrogs
  4 two-headed ogre simulacra (IceCv)
  3 cane toad simulacra (Lair:5)
  8 wights
  2 elephant simulacra
  12 killer bees
  2 howler monkeys
  4 electric eels
  A bombardier beetle (D:5)
  4 orc priests
  3 hounds
  8 jellies
  Crazy Yiuf (D:2)
  2 sleepcaps (D:8)
  2 iguanas
  11 orc wizards
  8 troll simulacra (IceCv)
  Terence (D:2)
  A wolf simulacrum (IceCv)
  3 spriggan simulacra (IceCv)
  Robin (D:2)
  8 gnolls
  4 adders
  6 naga simulacra (IceCv)
  7 river rats
  2 shadow imps
  18 white imps
  7 ufetubi
  2 dart slugs
  A ribbon worm (D:3)
  43 orcs
  7 endoplasms
  3 giant cockroaches
  17 goblins
  7 hobgoblins
  4 jackals
  3 quokkas
  2 ball pythons (D:4)
  6 bats
  5 frilled lizards
  28 kobolds
  3 rats
667 creatures vanquished.

Vanquished Creatures (others)
  A bombardier beetle (D:3)
  3 orcs (D:12)
4 creatures vanquished.

Grand Total: 671 creatures vanquished

Notes
Turn   | Place    | Note
-------+----------+-------------------------------------------
     0 | D:1      | Econoterrorist the Minotaur Fighter began the quest for the
                  | Orb.
     0 | D:1      | Reached XP level 1. HP: 19/19 MP: 0/0
   320 | D:1      | Reached XP level 2. HP: 24/26 MP: 1/1
  1118 | D:2      | Reached XP level 3. HP: 29/31 MP: 2/2
  1376 | D:2      | Found a faded altar of an unknown god.
  1377 | D:2      | Noticed Robin
  1408 | D:2      | Killed Robin
  1409 | D:2      | Reached skill level 5 in Long Blades
  1420 | D:2      | Reached XP level 4. HP: 21/39 MP: 3/3
  1720 | D:2      | Noticed Terence
  1733 | D:2      | Killed Terence
  2002 | D:2      | Found a runed translucent door.
  2003 | D:2      | Noticed Crazy Yiuf
  2010 | D:2      | Killed Crazy Yiuf
  2314 | D:3      | Found an ancient bone altar of Kikubaaqudgha.
  2316 | D:3      | Found a blossoming altar of Fedhas.
  2451 | D:3      | Reached XP level 5. HP: 45/45 MP: 4/4
  2466 | D:3      | Found a hazy altar of Hepliaklqana.
  2536 | D:3      | Found a snail-covered altar of Cheibriados.
  2947 | D:4      | Identified the +2 spear of Vemn {flame, rC- rCorr Str+8}
  3160 | D:4      | Noticed a phantom
  3170 | D:4      | Killed a phantom
  3171 | D:4      | Reached XP level 6. HP: 51/51 MP: 5/5
  3255 | D:4      | Noticed a yak
  3576 | D:5      | Entered Level 5 of the Dungeon
  3740 | D:5      | Noticed Menkaure
  3746 | D:5      | Killed Menkaure
  3747 | D:5      | Reached XP level 7. HP: 30/57 MP: 6/6
  3957 | D:5      | Found a glowing drain.
  3982 | D:5      | Reached skill level 10 in Long Blades
  4025 | Sewer    | Entered a sewer
  4227 | Sewer    | Found a white marble altar of Elyvilon.
  4734 | D:6      | Reached XP level 8. HP: 66/66 MP: 7/7
  4987 | D:6      | Reached skill level 5 in Fighting
  4987 | D:6      | Reached skill level 5 in Armour
  4987 | D:6      | Reached skill level 5 in Shields
  5108 | D:6      | Found a broken altar of Ashenzari.
  5198 | D:7      | Noticed Maurice
  5332 | D:7      | Something stole a throwing net
  5338 | D:7      | Killed Maurice
  5418 | D:7      | Noticed Jeremiah
  5438 | D:7      | Killed Jeremiah
  5439 | D:7      | Reached XP level 9. HP: 25/78 MP: 8/8
  5728 | D:7      | Found a staircase to the Ecumenical Temple.
  5738 | Temple   | Entered the Ecumenical Temple
  5745 | Temple   | Became a worshipper of Warmaster Okawaru
  6146 | D:8      | Noticed a gargoyle
  6162 | D:8      | Killed a gargoyle
  6293 | D:8      | Reached * piety under Okawaru
  6693 | D:8      | Noticed a two-headed ogre
  6724 | D:8      | Killed a two-headed ogre
  6724 | D:8      | Reached ** piety under Okawaru
  6725 | D:8      | Reached XP level 10. HP: 32/90 MP: 9/9
  7019 | D:8      | Got the Octavo of Twisted Apparitions
  7087 | D:8      | Noticed Pikel
  7092 | D:8      | Paralysed by Pikel for 2 turns
  7108 | D:8      | Killed Pikel
  7293 | D:8      | Reached *** piety under Okawaru
  7535 | D:8      | Noticed a two-headed ogre
  7555 | D:8      | Killed a two-headed ogre
  7809 | D:9      | Noticed a two-headed ogre
  7819 | D:9      | Killed a two-headed ogre
  7819 | D:9      | Reached **** piety under Okawaru
  7997 | D:9      | Reached skill level 10 in Fighting
  8174 | D:9      | Reached skill level 10 in Armour
  8332 | D:9      | Found a staircase to the Lair.
  8437 | D:10     | Entered Level 10 of the Dungeon
  8502 | Lair:1   | Entered Level 1 of the Lair of Beasts
  8513 | Lair:1   | Reached skill level 10 in Shields
  8550 | Lair:1   | Noticed a cane toad
  8566 | Lair:1   | Killed a cane toad
  8567 | Lair:1   | Reached XP level 11. HP: 76/99 MP: 10/10
  8864 | D:9      | Reached ***** piety under Okawaru
  9127 | Lair:1   | Identified the +1 mace "Zaluq" {freeze, rElec rF++ rN++}
  9284 | Lair:1   | Noticed Maggie
  9297 | Lair:1   | Killed Maggie
  9297 | Lair:1   | Received a gift from Okawaru
  9397 | Lair:1   | Identified the beast talisman "Cunudus" {rC- rCorr Int+5
                  | Dex+3}
  9464 | Lair:1   | Identified the +4 leather armour "Kitonao" {^Drain rElec
                  | Will+++ Stlth-}
  9576 | Lair:1   | Reached skill level 1 in Dodging
  9931 | Lair:2   | Noticed Nergalle
  9950 | Lair:1   | Noticed a spectral orc warlord
  9950 | Lair:1   | Killed Nergalle
 10044 | Lair:2   | Noticed Gastronok
 10077 | Lair:2   | Killed Gastronok
 10596 | Lair:2   | Noticed a death yak
 10597 | Lair:2   | Noticed a death yak
 10598 | Lair:2   | Noticed a death yak
 10620 | Lair:2   | Killed a death yak
 10620 | Lair:2   | Received a gift from Okawaru
 10621 | Lair:2   | Noticed a death yak
 10949 | Lair:2   | Killed a death yak
 10950 | Lair:2   | Reached XP level 12. HP: 88/112 MP: 8/11
 10969 | Lair:2   | Killed a death yak
 11357 | Lair:2   | Found a snail-covered altar of Cheibriados.
 11367 | Lair:2   | Noticed a six-headed hydra
 11505 | Lair:2   | Reached skill level 1 in Evocations
 11558 | Lair:2   | Noticed a death yak
 11591 | Lair:2   | Killed a death yak
 11750 | Lair:2   | Noticed a catoblepas
 11750 | Lair:2   | Noticed a five-headed hydra
 11895 | Lair:2   | Killed a death yak
 12004 | Lair:2   | Reached skill level 5 in Evocations
 12246 | Lair:2   | Received a gift from Okawaru
 12857 | Lair:3   | Noticed a death yak
 12857 | Lair:3   | Noticed a death yak
 12857 | Lair:3   | Noticed a death yak
 12857 | Lair:3   | Noticed a death yak
 13428 | D:10     | Found a burning altar of Makhleb.
 13586 | D:10     | Found a radiant altar of Vehumet.
 13589 | D:10     | Found a stormy altar of Qazlal.
 13592 | D:10     | Found a hide-covered altar of Uskayaw.
 13740 | D:11     | Noticed a boulder beetle
 13791 | D:11     | Killed a boulder beetle
 14037 | D:11     | Found a sparkling altar of Nemelex Xobeh.
 14501 | D:12     | Noticed a boulder beetle
 14509 | D:12     | Reached ****** piety under Okawaru
 14509 | D:12     | Received a gift from Okawaru
 14517 | D:11     | Acquired a +0 demon blade of electrocution
 14517 | D:11     | Received a gift from Okawaru
 14525 | D:11     | Identified 2 scrolls of acquirement
 14526 | D:11     | Acquired a +1 double sword of holy wrath
 14528 | D:11     | Acquired the scarf of Cutirgh {shadows, rElec Stlth+}
 14683 | D:12     | Killed a boulder beetle
 15230 | D:12     | Found a staircase to the Orcish Mines.
 15268 | D:12     | Noticed a boulder beetle
 15292 | D:12     | Killed a boulder beetle
 15293 | D:12     | Reached skill level 5 in Dodging
 15293 | D:12     | Reached XP level 13. HP: 104/108 MP: 14/14
 15544 | Orc:1    | Entered Level 1 of the Orcish Mines
 15544 | Orc:1    | Noticed Urug
 15554 | Orc:1    | Killed Urug
 15608 | Orc:1    | Found a frozen archway.
 15610 | Orc:1    | Noticed Snorg
 15632 | Orc:1    | Killed Snorg
 15786 | IceCv    | Entered an ice cave
 16149 | IceCv    | Noticed a reaper
 16168 | IceCv    | Killed a reaper
 16491 | IceCv    | Received a gift from Okawaru
 16972 | Orc:1    | Found a runed translucent gate.
 16973 | Orc:1    | Found a runed translucent gate.
 16973 | Orc:1    | Noticed Toythryfy's ghost (journeyman TeAE)
 16974 | Orc:1    | Found a runed translucent gate.
 17189 | Orc:1    | Found Neuschy's Magic Scroll Emporium.
 17196 | Orc:1    | You fall into a shaft and drop 1 floor!
 17196 | Orc:2    | Entered Level 2 of the Orcish Mines
 17196 | Orc:2    | Noticed Saint Roka
 17205 | Orc:2    | Noticed an orc warlord
 17206 | Orc:2    | Found Zierchuo's General Store.
 17209 | Orc:2    | Found Jopen's Antique Weapon Emporium.
 17563 | Orc:2    | Found a staircase to the Elven Halls.
 17571 | Orc:2    | Found Someuxi's Jewellery Shoppe.
 17616 | Orc:2    | Bought a ring of protection from fire for 350 gold pieces
 17678 | Orc:2    | Noticed Donald
 17692 | Orc:2    | Killed Donald
 17692 | Orc:2    | Received a gift from Okawaru
 17738 | Orc:2    | Killed an orc warlord
 17773 | Orc:2    | Bought a potion of curing for 45 gold pieces
 17816 | Orc:2    | Found Tuineujo's Antique Armour Shoppe.
 17993 | Orc:1    | Killed Saint Roka
 18313 | Orc:1    | Bought a scroll of identify for 20 gold pieces
 18313 | Orc:1    | Bought a scroll of enchant armour for 75 gold pieces
 19001 | Lair:2   | Reached XP level 14. HP: 56/132 MP: 15/15
 19013 | Lair:2   | Received a gift from Okawaru
 19022 | Lair:2   | Acquired the +0 hat "Secrepua" {Rampage rPois Stlth-}
 19022 | Lair:2   | Received a gift from Okawaru
 19557 | Lair:3   | Found a staircase to the Shoals.
 19685 | Lair:3   | Found a hole to the Spider Nest.
 20321 | Lair:3   | Received a gift from Okawaru
 20688 | Lair:4   | Found a viscous altar of Jiyva.
 20706 | Lair:4   | Found a staircase to the Slime Pits.
 20911 | Lair:4   | Reached skill level 15 in Fighting
 21149 | Lair:5   | Entered Level 5 of the Lair of Beasts
 21337 | Lair:5   | Reached skill level 15 in Armour
 21397 | Lair:5   | Reached skill level 10 in Dodging
 21425 | Lair:5   | Identified the +9 morningstar of the Philosopher {freeze,
                  | rPois rN+ Dex+3}
 21830 | Lair:5   | Received a gift from Okawaru
 22273 | Lair:5   | Reached XP level 15. HP: 133/141 MP: 16/16
 22616 | Lair:5   | Received a gift from Okawaru
 23217 | Spider:1 | Entered Level 1 of the Spider Nest
 23275 | Spider:1 | Noticed Asterion
 23297 | Spider:1 | Noticed an emperor scorpion
 23637 | Spider:1 | Gained mutation: Armour fits poorly on your strangely
                  | shaped body. [a cacodemon]
 23806 | Spider:1 | Killed an emperor scorpion
 23850 | Spider:1 | Killed Asterion
 23928 | Spider:1 | Received a gift from Okawaru
 24379 | Spider:1 | Identified the +2 sling "Gidgh" {heavy, rElec rF+ rC+ MP+9}
 25108 | Spider:2 | Noticed Mlioglotl
 25182 | Spider:1 | Killed Mlioglotl
 25182 | Spider:1 | Received a gift from Okawaru
 25722 | Spider:2 | Noticed Frances
 25733 | Spider:2 | Killed Frances
 25803 | Spider:2 | Noticed an emperor scorpion
 25818 | Spider:2 | Killed an emperor scorpion
 26235 | Spider:2 | Reached skill level 5 in Invocations
 26243 | Spider:2 | Received a gift from Okawaru
 26448 | Spider:2 | Identified the +2 chain mail "Wisuy" {rF+ Int-2 Stlth+}
 26517 | Spider:2 | Reached XP level 16. HP: 147/152 MP: 0/19
 27019 | Spider:3 | Noticed Roxanne
 27093 | Spider:3 | Killed Roxanne
 27484 | Spider:3 | Received a gift from Okawaru
 27841 | Spider:3 | Identified the dragon-blood talisman of Fustru {rC+}
 27841 | Spider:3 | Noticed Bai Suzhen
 28150 | Arena    | Entered the Arena
 28200 | Arena    | Killed from afar by Bai Suzhen

Illustrated notes

Levels and vault maps discovered:
D:1:      sevenhm_arrival_forest_fort_large_4, layout_basic
D:2:      layout_basic, shapermc_ecumenical_altar_mp_ritualfount, uniq_robin,
          uniq_terence, uniq_crazy_yiuf_cottage
D:3:      layout_basic, grunt_temple_overflow_growth_and_decay,
          mainiacjoe_overflow_cross_hatched, mainiacjoe_overflow_brackets
D:4:      layout_loops_ring, lightli_corner_chamber
D:5:      black_bear_nest_2, layout_cave_pools, portal_sewer_entry_a,
          dreamdust_mushroom_princess, uniq_menkaure
D:6:      layout_rooms, ashenzari_conservatory_becter, kennysheep_generic_room_6
D:7:      layout_basic, minmay_temple_entry_junction, hex_medium, uniq_maurice,
          uniq_jeremiah
D:8:      layout_basic, chequers_serial_rivers_marsh, minmay_shattered_shrine,
          uniq_pikel
D:9:      layout_basic, lair_entry_dummy
D:10:     layout_stronghold, grunt_temple_overflow_diamond,
          mainiacjoe_overflow_surrounded_room
D:11:     layout_rooms, nicolae_wwwww, nemelex_altar_shiori
D:12:     nicolae_moon_pools, layout_long_grid, hiddenorc1_lemuel
Temple:   cyrus_circular_temple
Lair:1:   layout_roguey, serial_bayou_shore_a, lemuel_fruit_tree,
          grunt_megastairs_3, uniq_maggie
Lair:2:   nzn_winding_woodlands_small [nzn_winding_woodlands_5x15_eye,
          nzn_winding_woodlands_center_lodge,
          nzn_winding_woodlands_5x15_crooked], layout_cave_pods,
          kennysheep_snail_temple, uniq_gastronok, uniq_nergalle
Lair:3:   layout_long_grid, minmay_shoals_entry_beasts, spider_nest_entry_a,
          grunt_forest_small_clearing_treed
Lair:4:   layout_cave_shapes, nicolae_slime_entry_field_trip,
          chequers_serial_rivers_small_3
Lair:5:   due_jungle_book, layout_regular_city, grunt_megastairs_1
Spider:1: layout_spider_delve, uniq_asterion
Spider:2: layout_spider_delve, uniq_frances, uniq_mlioglotl
Spider:3: layout_spider_delve, uniq_roxanne, uniq_bai_suzhen
Orc:1:    layout_caves, gammafunk_ghost_split, serial_shops, shop_scrolls,
          portal_ice_cave_entry_imps, uniq_snorg, uniq_urug
Orc:2:    grunt_orc_gardens, layout_diamond_mine, grunt_orc_garden,
          grunt_orc_garden, grunt_orc_garden, grunt_orc_garden, uniq_saint_roka,
          uniq_donald
Arena

Skill      XL: |  1  2  3  4  5  6  7  8  9 10 11 12 13 14 15 16 |
---------------+-------------------------------------------------+-----
Long Blades    | 3 4 5 6 7 9 11 12 14 | 14.0
Fighting       | 4 6 8 10 11 12 14 15 16 | 16.7
Shields        | 4 6 8 10 12 13 | 13.6
Armour         | 6 8 10 11 12 14 15 16 | 16.6
Dodging        | 4 5 8 10 12 | 12.0
Invocations    | 3 6 8 |  8.6
Evocations     | 8 |  8.0

Action                     |  1- 3 |  4- 6 |  7- 9 | 10-12 | 13-15 | 16-18 || total
---------------------------+-------+-------+-------+-------+-------+-------++-------
  Melee: Long sword        |   109 |   118 |   339 |   857 |       |       ||  1423
         Headbutt          |     8 |    20 |    62 |   261 |   461 |    53 ||   865
         Demon blade       |       |       |       |    72 |  1564 |   185 ||  1821
 Invoke: Heroism           |       |       |       |     1 |     4 |       ||     5
         Receive Weapon    |       |       |       |     1 |       |       ||     1
         Finesse           |       |       |       |       |     4 |     1 ||     5
         Receive Armour    |       |       |       |       |     1 |       ||     1
         Duel              |       |       |       |       |       |     1 ||     1
  Evoke: Wand              |       |       |       |       |    28 |     6 ||    34
         Condenser vane    |       |       |       |       |     1 |       ||     1
    Use: Potion            |       |     1 |       |     3 |    17 |     1 ||    22
         Scroll            |       |       |       |    18 |    11 |     4 ||    33
 Armour: Scale mail        |    88 |    45 |   188 |   176 |       |       ||   497
         Leather armour    |       |       |       |   214 |       |       ||   214
         Chain mail        |       |       |       |     8 |   565 |   112 ||   685
         Acid dragon scale |       |       |       |    32 |   166 |       ||   198
  Dodge: Dodged            |    50 |    46 |   103 |   256 |   412 |    59 ||   926
  Block: Buckler           |    27 |    63 |   158 |   389 |    60 |       ||   697
         Reflection        |       |     4 |     7 |    10 |    26 |     2 ||    49
         Tower shield      |       |       |       |       |  1852 |   236 ||  2088
